 Dungeon Crawl Stone Soup version 0.32-a0-119-g2e8054a333 (webtiles) character file.

Game seed: 12401626166527723680

373 CougarLife the Ruffian (level 6, -3/59 HPs)
             Began as a Troll Fighter on Feb 6, 2024.
             Succumbed to a gnoll's poison
             ... on level 5 of the Dungeon.
             The game lasted 00:03:49 (3071 turns).

CougarLife the Ruffian (Troll Fighter)              Turns: 3071, Time: 00:03:50

Health: -3/59      AC:  4    Str: 27    XL:     6   Next: 43%
Magic:  5/5        EV:  9    Int:  4    God:
Gold:   283        SH:  7    Dex:  9    Spells: 5/5 levels left

rFire   . .          .
                       - Unarmed
rCold   . . .        b - +0 kite shield
rNeg    . . .        a - +0 robe
rPois   .            (helmet restricted)
rElec   .            (no cloak)
rCorr   .            (gloves unavailable)
SInv    +            (boots unavailable)
Will    .....        (no amulet)
Stlth   +            q - ring of see invisible
HPRegen 1.09/turn    (no ring)
MPRegen 0.09/turn

%: no passive effects
@: lethally poisoned (-3 -> -15), weakened
A: large, unfitting armour, claws 3, regeneration 1, shaggy fur 1, tough skin 1
a: no special abilities


You were on level 5 of the Dungeon.
You visited 1 branch of the dungeon, and saw 5 of its levels.

You collected 283 gold pieces.

Inventory:

Missiles
 j - 6 boomerangs (quivered)
 p - 12 poisoned darts
Armour
 a - a +0 robe (worn)
 b - a +0 kite shield (worn)
Jewellery
 q - a ring of see invisible (left claw)
Scrolls
 d - a scroll of vulnerability {unknown}
 e - 2 scrolls of identify {unknown}
 h - a scroll of immolation {unknown}
 k - a scroll of fog {unknown}
 l - a scroll of teleportation {unknown}
 m - a scroll of revelation {unknown}
 r - a scroll of blinking {unknown}
 s - a scroll of fear {unknown}
 t - a scroll of poison {unknown}
Potions
 c - a potion of might
 f - 2 potions of curing {unknown}
 g - 2 potions of mutation {unknown}
 i - a potion of berserk rage {unknown}
 n - a potion of attraction {unknown}
 o - 2 potions of brilliance {unknown}
 u - a potion of enlightenment {unknown}


   Skills:
 - Level 2.4 Fighting
 - Level 3.0 Dodging
 - Level 2.6 Shields
 + Level 6.6 Unarmed Combat


You had 5 spell levels left.
You didn't know any spells.
Your spell library contained the following spells:

 Spells                   Type           Power      Damage    Failure   Level
 Freeze                   Ice            0%         1d3       75%         1
 Sublimation of Blood     Necr           0%         N/A       87%         2
 Call Canine Familiar     Summ           0%         N/A       98%         3
 Frozen Ramparts          Ice            0%         1d1       98%         3
 Hailstorm                Conj/Ice       0%         3d5       98%         3
 Sigil of Binding         Hex            0%         N/A       98%         3
 Dimensional Bullseye     Hex/Tloc       0%         N/A       100%        4
 Petrify                  Alch/Erth      0%         N/A       100%        4
 Irradiate                Conj/Alch      0%         3d11      100%        5


Dungeon Overview and Level Annotations

Branches:
Dungeon (5/15)
 Temple: D:4-7

Altars:
Nemelex Xobeh

Shops:
D:1 =*:!*   D:2 :


Innate Abilities, Weirdness & Mutations

You are too large for most types of armour.
You have claws for hands.
Your natural rate of healing is unusually fast.
You are covered in fur. (AC +1)
You have tough skin. (AC +1)


Message History

You claw the gnoll!
You kill the gnoll!
The gnoll completely misses you.
The gnoll bouda gazes fiercely through you!
You feel your attacks grow feeble. You block the gnoll's attack.
The gnoll hits you with a +0 halberd!
You see here a +0 club.
You claw the gnoll!
The gnoll is severely wounded.
The gnoll hits you from afar with a +2 spear of venom!
You are poisoned.
You block the gnoll's attack.
You claw the gnoll!
You kill the gnoll!
You feel very sick.
The gnoll is no longer moving quickly.
The gnoll hits you but does no damage.
The gnoll bouda gazes fiercely through you!
You feel as though you will be weak longer.
You feel very sick. You block the gnoll's attack.
Things that are here:
a +0 halberd; a gnoll corpse You feel sick.
The gnoll hits you from afar with a +2 spear of venom!
* * * LOW HITPOINT WARNING * * *
You are more poisoned.
You see here a +0 club.
* * * LOW HITPOINT WARNING * * *
You feel very sick. The gnoll attacks as it pursues you!
The gnoll hits you from afar with a +2 spear of venom.
* * * LOW HITPOINT WARNING * * *
You are more poisoned.
* * * LOW HITPOINT WARNING * * *
You feel very sick. You block the gnoll's attack.
You see here a +0 club.
You claw the gnoll!
You kill the gnoll!
You die...

..#.#......#.........#
...........+..######.#
....#......#..# #.#
..#.#......#..# #.#
....#.)....#..# #.#
...........#..# ###.#
...........#..# #...#
....#......#..####.###
.............Og)@..#
#.#...#.......#######
#.#...+.............#
..#
#.......####..########
..#
.......g.............#
..#
.###.#..##.#..##########
..#
#.#..##.#..##.......#
..#
.###.#...........#####.#
..# ........##.#..##.#
#.#


You could see an ogre and a gnoll bouda.

Vanquished Creatures
  A kobold brigand (D:4)
  A hound (D:4)
  A sleepcap (D:4)
  2 iguanas (D:5)
  An orc wizard (D:4)
  3 gnolls (D:5)
  7 adders
  A dart slug (D:4)
  9 orcs
  5 ball pythons
  12 bats
  3 endoplasms
  2 giant cockroaches
  3 goblins
  3 hobgoblins
  25 kobolds
  A quokka (D:2)
  3 frilled lizards
  6 rats (D:1)
89 creatures vanquished.

Notes
Turn   | Place    | Note
-------+----------+-------------------------------------------
     0 | D:1      | CougarLife the Troll Fighter began the quest for the Orb.
     0 | D:1      | Reached XP level 1. HP: 22/22 MP: 0/0
    35 | D:1      | Found Unlofir's Book Shop.
    42 | D:1      | Found Heorasih's Distillery.
   109 | D:1      | Found Jani's Assorted Antiques.
   161 | D:1      | Reached XP level 2. HP: 29/29 MP: 1/1
   188 | D:1      | Found Acwouraj's Assorted Antiques.
   372 | D:1      | Found Casyi's Jewellery Shop.
   775 | D:2      | Found Qecid's Book Boutique.
   782 | D:2      | Reached skill level 3 in Unarmed Combat
   782 | D:2      | Reached XP level 3. HP: 30/36 MP: 2/2
  1388 | D:3      | Reached XP level 4. HP: 44/44 MP: 3/3
  1722 | D:3      | Reached skill level 4 in Unarmed Combat
  1948 | D:4      | Reached XP level 5. HP: 31/50 MP: 4/4
  2125 | D:4      | Reached skill level 5 in Unarmed Combat
  2288 | D:4      | Reached skill level 6 in Unarmed Combat
  2288 | D:4      | Reached XP level 6. HP: 59/59 MP: 5/5
  2657 | D:4      | Found a sparkling altar of Nemelex Xobeh.
  2779 | D:5      | Entered Level 5 of the Dungeon
  3070 | D:5      | HP: 1/59 [poisoned by a gnoll]
  3071 | D:5      | Succumbed to a gnoll's poison

Illustrated notes

Levels and vault maps discovered:
D:1:      pf_arrival_petrified_forest, layout_basic, serial_shops,
          nicolae_shop_peninsula, shop, shop,
          nicolae_shop_pleasant_corner_grove, shop
D:2:      layout_rooms, serial_shops, nicolae_shop_tiny_waterfront
D:3:      layout_loops_corners, kennysheep_cross_bottleneck
D:4:      kennysheep_kobold_camp, layout_basic,
          mainiacjoe_overflow_six_doors_small
D:5:      layout_basic

Skill      XL: |  1  2  3  4  5 |
---------------+----------------+-----
Dodging        | 3 |  3.0
Unarmed Combat | 3 4 6 |  6.6
Fighting       | |  2.4
Shields        | |  2.6

Action                     |  1- 3 |  4- 6 || total
---------------------------+-------+-------++-------
  Melee: Unarmed           |    83 |   142 ||   225
   Stab: Sleeping          |     2 |       ||     2
 Armour: Robe              |    51 |    79 ||   130
  Dodge: Dodged            |    26 |    37 ||    63
  Block: Kite shield       |    27 |    47 ||    74

Table legend: (Time is in decaauts)
 A = Elapsed time spent in this place.
 B = Non-inter-level travel time spent in this place.
 C = Inter-level travel time spent in this place.
 D = Time resting spent in this place.
 E = Time spent auto-exploring this place.
 F = Levels seen in this place.
 G = Mean time per level.
                   A        B        C        D        E       F      G
               +--------+--------+--------+--------+--------+-----+--------+
         Total |   3077 |   2977 |    100 |     43 |   2399 |   5 |  615.4 |
       Dungeon |   3077 |   2977 |    100 |     43 |   2399 |   5 |  615.4 |
               +--------+--------+--------+--------+--------+-----+--------+

Top non-repeatable levels by time:
     D:4: 915 daAuts
     D:3: 862 daAuts
     D:1: 623 daAuts
     D:2: 384 daAuts
     D:5: 291 daAuts
